Map: 스테이시스 - 래더

Players

RNK (SHIN)

  • Race: Zerg Zerg
  • League: Grandmaster
  • Spawn Location: 1:00

TYTY (TY) - Winner!

  • Race: Terran Terran
  • League: Master
  • Spawn Location: 11:00

Event: IEM Season 13 - Katowice Server Qualifiers Asia 2

VOD

Have the link to the VOD?

Description

Time

  • Played on: Jan. 22, 2019, 4:33 a.m.
  • Length: 3:27

All games in this series

Show
View Real Time Build Order
Export as new Build Order

RNK Zerg 

Build Orders: Hatch First 

Get SALT Encoding   

  12  0:00  Drone  
  13  0:09  Drone  
  14  0:17  Overlord  
  14  0:23  Extractor, Drone  
  15  0:37  Drone x2  
  17  0:56  Hatchery, Drone  
  17  0:59  Drone  
  18  1:10  Extractor  
  17  1:14  Spawning Pool  
  17  1:18  Drone  
  17  1:22  Drone  
  19  1:29  Overlord  
  19  2:01  Zergling x6  
  23  2:08  Spine Crawler, Zergling x2  
  23  2:09  Queen  
  23  2:15  Zergling x2  
  25  2:22  Zergling x2  
  22  2:43  Zergling x2  
  17  2:54  Zergling x2  
  16  3:02  Zergling x2  
Show
View Real Time Build Order
Export as new Build Order

TYTY Terran - Winner!

Build Orders:  

Get SALT Encoding   

  12  0:00  SCV  
  13  0:12  SCV  
  14  0:17  Supply Depot  
  14  0:24  SCV  
  15  0:41  Barracks  
  15  0:50  Barracks  
  15  1:04  Barracks  
  15  1:09  SCV  
  17  1:28  Marine  
  17  1:29  Orbital Command  
  17  1:37  Marine  
  18  1:46  Marine  
  19  1:52  Marine  
  19  1:53  Supply Depot  
  20  1:54  Marine  
  21  2:03  Marine  
  22  2:10  Marine  
  22  2:14  Marine  
  24  2:18  Bunker  
  24  2:21  Marine  
  25  2:27  Marine  
  26  2:32  Marine  
  27  2:39  Marine  
  28  2:45  Marine  
  28  2:47  SCV  
  28  2:50  Marine  
  29  2:57  Marine  
  26  2:59  SCV  
  26  3:03  Marine  
  28  3:08  Marine  
  29  3:18  Supply Depot  

Tags
 
Add a new tag
Caveats
  • Supply blocks, unpowered buildings, or Contaminate may cause inaccurate times.
  • Supply counts are checked every 10 seconds.